 Dungeon Crawl Stone Soup version 0.27.0-1-g7a089689b8 (webtiles) character file.

Game seed: 3032986959459149651

2064 sanka the Fighter (level 9, -2/90 HPs)
             Began as a Deep Dwarf Transmuter on Aug 2, 2021.
             Slain by a killer bee (5 damage)
             ... on level 8 of the Dungeon.
             The game lasted 00:21:07 (6119 turns).

sanka the Fighter (Deep Dwarf Transmuter)           Turns: 6119, Time: 00:21:08

Health: -2/90      AC: 11    Str: 17    XL:     9   Next: 5%
Magic:  21/21 (12) EV:  8    Int: 14    God:
Gold:   258        SH:  0    Dex: 19    Spells: 13/14 levels left

rFire    . . .     SeeInvis .   g - +0 short sword (elec)
rCold    . . .     Faith    .   (no shield)
rNeg     . . .     Spirit   .   w - +0 chain mail
rPois    .         Reflect  .   (no helmet)
rElec    .         Harm     .   G - +0 cloak
rCorr    .         Rampage  .   (no gloves)
Will     +....                  (no boots)
Stlth    ..........             q - amulet of the acrobat
HPRegen  0.00/turn              l - ring of magical power
MPRegen  0.17/turn              u - +6 ring of dexterity

@: lethally poisoned (-2 -> -4)
A: damage resistance, heal wounds, sense surroundings 2, no regeneration
a: Heal Wounds


You were on level 8 of the Dungeon.
You visited 1 branch of the dungeon, and saw 8 of its levels.
You also visited: Sewer.

You collected 258 gold pieces.


Innate Abilities, Weirdness & Mutations

You are resistant to damage.
You can heal yourself by infusing magical energy.
You passively map the area around you.
You do not regenerate.


   Skills:
 + Level 8.5 Fighting
 + Level 6.9 Armour
 - Level 2.2 Dodging
 - Level 2.7 Unarmed Combat
 - Level 3.0 Spellcasting
 - Level 2.5 Transmutations


You had 13 spell levels left.
You knew the following spells:

 Your Spells              Type           Power      Damage    Failure   Level
z - Beastly Appendage     Tmut           18%        N/A       65%         1

Your spell library contained the following spells:

 Spells                   Type           Power      Damage    Failure   Level
 Wereblood                Tmut           9%         N/A       80%         2
 Apportation              Tloc           4%         N/A       94%         1
 Static Discharge         Conj/Air       2%         N/A       98%         2
 Spider Form              Tmut/Pois      2%         N/A       99%         3
 Ozocubu's Armour         Ice            2%         N/A       100%        3
 Dispel Undead            Necr           2%         3d7       100%        4
 Fulminant Prism          Conj/Hex       1%         3d6       100%        4
 Ice Form                 Ice/Tmut       5%         N/A       100%        4
 Iskenderun's Mystic Bla  Conj/Tloc      2%         2d3       100%        4
 Sticky Flame             Conj/Fire      2%         2d3       100%        4
 Alistair's Intoxication  Tmut/Pois      3%         N/A       100%        5
 Lee's Rapid Deconstruct  Erth           1%         3d5*      100%        5
 Lightning Bolt           Conj/Air       1%         1d12      100%        5
 Metabolic Englaciation   Hex/Ice        1%         N/A       100%        5
 Invisibility             Hex            1%         N/A       100%        6
 Simulacrum               Ice/Necr       1%         N/A       100%        6
 Maxwell's Capacitive Co  Air            1%         ∞         100%        8

Inventory:

Hand Weapons
 g - a +0 short sword of electrocution (weapon)
 I - a +0 war axe
Missiles
 b - 253 stones
Armour
 a - a +0 robe
 f - a +0 ring mail
 w - a +0 chain mail (worn)
 G - a +0 cloak (worn)
Magical Staves
 t - a staff of conjuration {!a}
Jewellery
 c - a ring of resist corrosion
 k - a ring of ice
 l - a ring of magical power (left hand)
 q - an amulet of the acrobat (around neck)
 u - a +6 ring of dexterity (right hand)
 K - a ring of flight
 N - an amulet of faith
Wands
 n - a wand of polymorph (7)
Scrolls
 d - a scroll of magic mapping {unknown}
 h - 2 scrolls of fog {unknown}
 i - a scroll of amnesia {unknown}
 j - 2 scrolls of teleportation {unknown}
 o - a scroll of fear {unknown}
 p - 3 scrolls of identify {unknown}
 x - a scroll of vulnerability {unknown}
 y - a scroll of noise {unknown}
 z - a scroll of torment {unknown}
 D - a scroll of enchant armour {unknown}
 F - 3 scrolls of acquirement {unknown}
 L - a scroll of immolation {unknown}
Potions
 e - 3 potions of berserk rage {unknown}
 m - a potion of mutation {unknown}
 r - 2 potions of lignification {unknown}
 s - a potion of attraction {unknown}
 v - a potion of curing {unknown}
 A - a potion of invisibility {unknown}
 B - 2 potions of heal wounds {unknown}
 C - 3 potions of haste {unknown}
 E - a potion of cancellation {unknown}
 H - a potion of brilliance {unknown}
 J - a potion of ambrosia {unknown}
 M - a potion of might {unknown}

Dungeon Overview and Level Annotations

Branches:
Dungeon (8/15)             Temple (0/1) D:7           Sewer (visited)
   Lair: D:8-11

Altars:
Gozag
Hepliaklqana
Kikubaaqudgha
Beogh

Annotations:
D:6 3 runed translucent doors, poire's ghost, novice DrTm

, ,, , , ,,
, ,, , , ░ +
░░ ,. , ,, ,
░ .., , , ,
, ... , , ,
,.... ░ ,
,▒▒▒▒.....,
░░ ░
,▒........ ░
░ ,░ ,
▒gy...... ,
░
,,▒yy......
, ,, ,
,+......≈.,
▒..£..... ░
≈ , ,
.......≈. ≈
≈ , , , ,
,,,.......≈≈
≈ , , , ,,,
.......≈≈░ ,
, ,
.........≈ ░
, , , , , ,
, ≈ ░, ,


You could see 3 killer bees.


Message History

You are more poisoned.
The killer bee poisons you!
The killer bee stings you but does no damage.
The killer bee barely misses you.
The killer bee stings you but does no damage.
The killer bee stings you but does no damage.
The killer bee stings you but does no damage.
You hit the killer bee but do no damage.
Lightning courses through the killer bee!
The killer bee is severely wounded.
You feel extremely sick.
The killer bee stings you but does no damage.
The killer bee barely misses you.
The killer bee stings you but does no damage.
The killer bee stings you but does no damage.
The killer bee stings you.
* * * LOW HITPOINT WARNING * * *
The killer bee barely misses you. The killer bee stings you.
* * * LOW HITPOINT WARNING * * *
You are more poisoned.
The killer bee poisons you!
You miss the killer bee.
The killer bee is severely wounded.
* * * LOW HITPOINT WARNING * * *
You feel extremely sick.
The killer bee stings you but does no damage.
The killer bee closely misses you. The killer bee stings you.
You die...

Action                   |  1- 3 |  4- 6 |  7- 9 || total
-------------------------+-------+-------+-------++-------
Melee: Unarmed           |    59 |       |       ||    59
       Kick              |    13 |     5 |       ||    18
       Headbutt          |    12 |     9 |       ||    21
       Short sword       |    79 |   153 |   327 ||   559
       Punch             |     2 |     1 |     5 ||     8
 Cast: Beastly Appendage |    19 |    11 |       ||    30
 Abil: Heal Wounds       |     1 |     6 |    11 ||    18
Armor: Robe              |    10 |       |       ||    10
       Ring mail         |    23 |    41 |       ||    64
       Chain mail        |       |     4 |   290 ||   294
Dodge: Dodged            |    70 |   110 |   218 ||   398

Levels and vault maps discovered:
D:1:      dpeg_arrival_tiny_h, layout_basic
D:2:      layout_basic, shapermc_ecumenical_altar_hornbeckon,
          minmay_small_reverse_x
D:3:      layout_basic, tgw_kikubaaqudgha
D:4:      layout_cave_pools, grunt_gozag_breadcrumbs
D:5:      layout_loops_ring, nicolae_hepliaklqana_ecumenical_no_more,
          kennysheep_generic_room_9
D:6:      layout_basic, gup_sewer_entry_pipe, biasface_ghost_orc_armoury,
          kennysheep_big_empty_room
D:7:      layout_rooms, minmay_temple_entry_mist
D:8:      layout_gridville, nicolae_qazlal_general_emergency, lair_entry_dummy,
          uniq_erica, uniq_pikel

Notes
Turn   | Place    | Note
-------+----------+-------------------------------------------
     0 | D:1      | sanka the Deep Dwarf Transmuter began the quest for the
                  | Orb.
     0 | D:1      | Reached XP level 1. HP: 16/16 MP: 3/3
    36 | D:1      | Reached skill level 1 in Fighting
    75 | D:1      | Reached skill level 2 in Transmutations
   142 | D:1      | Reached XP level 2. HP: 22/25 MP: 2/4
   864 | D:2      | Reached XP level 3. HP: 16/32 MP: 3/5
   965 | D:2      | Reached skill level 2 in Fighting
  1408 | D:2      | Reached XP level 4. HP: 29/40 MP: 6/6
  1640 | D:2      | Reached skill level 3 in Fighting
  1888 | D:2      | Found a faded altar of an unknown god.
  1979 | D:3      | Found an ancient bone altar of Kikubaaqudgha.
  1987 | D:3      | Noticed a human
  1989 | D:3      | Killed a human
  2804 | D:4      | Reached skill level 4 in Fighting
  2804 | D:4      | Reached XP level 5. HP: 27/50 MP: 7/7
  2811 | D:4      | Noticed a centaur
  3054 | D:4      | Noticed a phantom
  3078 | D:4      | Killed a phantom
  3079 | D:4      | Reached skill level 5 in Fighting
  3079 | D:4      | Reached XP level 6. HP: 28/61 MP: 7/7
  3263 | D:4      | Found an opulent altar of Gozag.
  3324 | D:4      | Reached skill level 6 in Fighting
  3424 | D:5      | Entered Level 5 of the Dungeon
  3738 | D:4      | Reached skill level 1 in Armour
  3741 | D:4      | Reached XP level 7. HP: 47/69 MP: 8/8
  3765 | D:5      | Reached skill level 2 in Armour
  3894 | D:5      | Reached skill level 3 in Armour
  4192 | D:5      | Reached skill level 2 in Spellcasting
  4344 | D:5      | Noticed a two-headed ogre
  4575 | D:5      | Found a faded altar of an unknown god.
  4577 | D:5      | Found a hazy altar of Hepliaklqana.
  4577 | D:5      | Found a faded altar of an unknown god.
  4749 | D:6      | Reached skill level 7 in Fighting
  4773 | D:6      | Reached skill level 4 in Armour
  4773 | D:6      | Reached XP level 8. HP: 57/80 MP: 11/11
  4800 | D:6      | Found a runed translucent gate.
  4800 | D:6      | Identified the +5 chain mail of Zostryrph {Will+}
  4800 | D:6      | Noticed poire's ghost (novice DrTm)
  4801 | D:6      | Found a runed translucent gate.
  4802 | D:6      | Found a runed translucent gate.
  4826 | D:6      | Found a glowing drain.
  4846 | Sewer    | Entered a sewer
  5263 | D:6      | Reached skill level 3 in Spellcasting
  5296 | D:6      | Reached skill level 5 in Armour
  5386 | D:6      | Reached skill level 8 in Fighting
  5386 | D:6      | Reached skill level 6 in Armour
  5648 | D:6      | Gained mutation: You passively map the area around you.
                  | [Deep Dwarf growth]
  5648 | D:6      | Reached XP level 9. HP: 42/90 MP: 12/12
  6101 | D:7      | HP: 8/90 [killer bee (7)]
  6106 | D:7      | HP: 7/90 [killer bee (1)]
  6112 | D:7      | HP: 4/90 [killer bee (3)]
  6119 | D:8      | HP: 3/90 [poisoned by a killer bee]
  6119 | D:8      | Slain by a killer bee

Vanquished Creatures
  A centaur zombie (D:6)
  2 ice beasts (D:6)
  A black bear (D:5)
  3 centaurs
  2 phantoms (D:4)
  A kobold brigand (D:6)
  A scorpion (D:6)
  3 bullfrogs
  2 water moccasin zombies
  2 howler monkeys
  3 hounds
  A jelly (D:4)
  A bullfrog zombie (D:6)
  4 iguanas
  3 orc wizards
  A killer bee zombie (D:6)
  A hound skeleton (D:5)
  6 adders
  5 river rats (Sewer)
  A shadow imp (D:6)
  A white imp (D:5)
  3 ufetubi
  An adder skeleton (D:3)
  2 dart slugs (D:1)
  8 orcs
  8 ball pythons
  4 endoplasms
  10 giant cockroaches
  6 goblins
  8 hobgoblins
  10 jackals
  4 quokkas
  5 bats
  10 frilled lizards
  15 kobolds
  11 rats
150 creatures vanquished.

Vanquished Creatures (others)
  A human (D:3)
1 creature vanquished.

Grand Total: 151 creatures vanquished
